 Dungeon Crawl Stone Soup version 0.32-a0-870-g877066f (webtiles) character file.

Game seed: 8762433510530627292

1674294 uuddlrlrba the End of an Era (level 26, 259/259 HPs)
             Began as a Mountain Dwarf Fighter on Mar 28, 2024.
             Was the Champion of Qazlal.
             Escaped with the Orb
             ... and 3 runes on Mar 29, 2024!
             The game lasted 04:19:56 (69955 turns).

uuddlrlrba the End of an Era (MDFi)                Turns: 69955, Time: 04:19:56

Health: 259/259    AC: 48    Str: 31    XL:     26   Next: 74%
Magic:  40/40      EV:  7    Int: 11    God:    Qazlal [******]
Gold:   2002       SH: 35    Dex: 13    Spells: 25/25 levels left

rFire   + + .        P - +8 broad axe (heavy)
rCold   + + +        z - +3 tower shield
rNeg    + . .        J - +9 scales of the Dragon King {rPois rF+ rC+ Will+}
rPois   +            U - +2 helmet of Tartarus {rC+ rN+ Will+ rCorr}
rElec   +            t - +1 cloak
rCorr   +            Z - +0 pair of gloves of Context {rC+ Str+4}
SInv    .            g - +1 pair of boots of Aclytsuo {Str+2 Slay+5}
Will    +++++        n - amulet of regeneration Stlth
                     X - ring of Viehaus {rElec Will+ Str+2}
HPRegen 1.43/turn    r - ring "Kupexzum" {Fly rF++}
MPRegen 0.27/turn

%: repel missiles
@: flying, studying Maces & Flails
A: runic magic, artefact enchanting, dopey 1, poison resistance, heat
vulnerability 1
0: Orb of Zot
}: 3/15 runes: decaying, serpentine, silver
a: Renounce Religion, Upheaval, Elemental Force, Disaster Area


You escaped.
You worshipped Qazlal.
Qazlal was exalted by your worship.
You visited 10 branches of the dungeon, and saw 48 of its levels.
You visited 1 bazaar.
You also visited: Ice Cave.

You collected 8209 gold pieces.
You spent 6207 gold pieces at shops.

Inventory:

Hand Weapons
 P - a +8 heavy broad axe (weapon)
Missiles
 k - 76 poisoned darts (quivered)
 C - 12 curare-tipped darts
 L - 3 throwing nets
Armour
 g - the +1 pair of boots of Aclytsuo (worn) {Str+2 Slay+5}
   (You found it on level 2 of the Snake Pit)

   Str+2:     It affects your strength (+2).
   Slay+5:    It affects your accuracy & damage with ranged weapons and melee
   (+5).
 t - a +1 cloak (worn)
 z - a +3 tower shield (worn)
 J - the +9 scales of the Dragon King (worn) {rPois rF+ rC+ Will+}
   (You found it on level 5 of the Vaults)

   rF+:       It protects you from fire.
   rC+:       It protects you from cold.
   rPois:     It protects you from poison.
   Will+:     It increases your willpower.
 U - the +2 helmet of Tartarus (worn) {rC+ rN+ Will+ rCorr}
   (You found it on level 5 of the Vaults)

   rC+:       It protects you from cold.
   rN+:       It protects you from negative energy.
   Will+:     It increases your willpower.
   rCorr:     It protects you from acid and corrosion.
 Z - the +0 pair of gloves of Context (worn) {rC+ Str+4}
   (You bought it in a shop in a bazaar)

   Str+4:     It affects your strength (+4).
   rC+:       It protects you from cold.
Jewellery
 n - an amulet of regeneration (around neck)
 r - the ring "Kupexzum" (right hand) {Fly rF++}
   (You took it off a deep elf blademaster on level 3 of the Elven Halls)

   [ring of flight]

   rF++:      It greatly protects you from fire.
   Fly:       It grants you flight.
 w - a ring of positive energy
 A - a ring of resist corrosion
 D - the ring "Fost" {rPois rC- Will++ Int+6}
   (You found it on level 3 of the Elven Halls)

   [ring of intelligence]

   Int+6:     It affects your intelligence (+6).
   rC-:       It makes you vulnerable to cold.
   rPois:     It protects you from poison.
   Will++:    It greatly increases your willpower.
 X - the ring of Viehaus (left hand) {rElec Will+ Str+2}
   (You bought it in a shop on level 1 of the Snake Pit)

   [ring of willpower]

   Str+2:     It affects your strength (+2).
   rElec:     It insulates you from electricity.
   Will+:     It increases your willpower.
Wands
 c - a wand of digging (13)
 l - a wand of light (37)
 F - a wand of roots (11)
 I - a wand of flame (129)
Scrolls
 a - 11 scrolls of identify
 e - 8 scrolls of blinking
 f - 3 scrolls of revelation
 h - 9 scrolls of fear
 i - 6 scrolls of vulnerability
 o - 16 scrolls of teleportation
 q - 8 scrolls of poison
 x - a scroll of noise
 E - 5 scrolls of fog
 M - 7 scrolls of immolation
 T - 3 scrolls of torment
Potions
 b - 7 potions of mutation
 j - 8 potions of haste
 p - 3 potions of ambrosia
 s - 10 potions of curing
 u - 4 potions of enlightenment
 B - 3 potions of magic
 G - 3 potions of cancellation
 H - 10 potions of heal wounds
 K - 3 potions of might
 O - 2 potions of resistance
 R - 4 potions of invisibility
 V - 6 potions of lignification
 W - 9 potions of attraction
Miscellaneous
 d - a Gell's gravitambourine (2/2)
 Q - a condenser vane


   Skills:
 + Level 25.6 Fighting
 - Level 20.4 Axes
 O Level 27 Armour
 O Level 27 Shields
 O Level 27 Invocations


You had 25 spell levels left.
You didn't know any spells.
Your spell library contained the following spells:

 Spells                   Type           Power      Damage    Failure   Level
 Apportation              Tloc           0%         N/A       45%         1
 Kiss of Death            Conj/Necr      0%         2d5       45%         1
 Necrotise                Necr           0%         1d4       45%         1
 Shock                    Conj/Air       0%         1d3       45%         1
 Sting                    Conj/Alch      0%         1d3       45%         1
 Blink                    Tloc           0%         N/A       61%         2
 Cigotuvi's Dreadful Rot  Necr/Alch/Air  0%         N/A       61%         2
 Ensorcelled Hibernation  Hex/Ice        0%         N/A       61%         2
 Jinxbite                 Hex            0%         N/A       61%         2
 Lesser Beckoning         Tloc           0%         N/A       61%         2
 Mercury Vapours          Alch/Air       0%         N/A       61%         2
 Momentum Strike          Conj/Tloc      0%         3d8       61%         2
 Scorch                   Fire           0%         2d5       61%         2
 Static Discharge         Conj/Air       0%         3-3/arc   61%         2
 Call Canine Familiar     Summ           0%         N/A       83%         3
 Confusing Touch          Hex            0%         N/A       83%         3
 Frozen Ramparts          Ice            0%         1d1       83%         3
 Fugue of the Fallen      Necr           0%         N/A       83%         3
 Inner Flame              Hex/Fire       0%         N/A       83%         3
 Mephitic Cloud           Conj/Alch/Air  0%         N/A       83%         3
 Ozocubu's Armour         Ice            0%         N/A       83%         3
 Passwall                 Erth           0%         N/A       83%         3
 Sigil of Binding         Hex            0%         N/A       83%         3
 Summon Ice Beast         Ice/Summ       0%         N/A       83%         3
 Swiftness                Air            0%         N/A       83%         3
 Teleport Other           Tloc           0%         N/A       83%         3
 Vampiric Draining        Necr           0%         2d6       83%         3
 Volatile Blastmotes      Fire/Tloc      0%         2d10      83%         3
 Airstrike                Air            0%         2d(0-16)  99%         4
 Anguish                  Hex/Necr       0%         N/A       99%         4
 Animate Armour           Summ/Erth      0%         N/A       99%         4
 Animate Dead             Necr           0%         N/A       99%         4
 Dimensional Bullseye     Hex/Tloc       0%         N/A       99%         4
 Dispel Undead            Necr           0%         3d6       99%         4
 Flame Wave               Conj/Fire      0%         2d4       99%         4
 Ignite Poison            Fire/Alch      0%         N/A       99%         4
 Leda's Liquefaction      Alch/Erth      0%         N/A       99%         4
 Martyr's Knell           Necr/Summ      0%         N/A       99%         4
 Maxwell's Portable Pile  Tloc           0%         2d(5-10)  99%         4
 Olgreb's Toxic Radiance  Alch           0%         N/A       99%         4
 Passage of Golubria      Tloc           0%         N/A       99%         4
 Sticky Flame             Fire/Alch      0%         2d4       99%         4
 Summon Lightning Spire   Summ/Air       0%         N/A       99%         4
 Vhi's Electric Charge    Tloc/Air       0%         N/A       99%         4
 Alistair's Intoxication  Alch           0%         N/A       100%        5
 Arcjolt                  Conj/Air       0%         1d10      100%        5
 Curse of Agony           Necr           0%         N/A       100%        5
 Freezing Cloud           Conj/Ice/Air   0%         6-21      100%        5
 Irradiate                Conj/Alch      0%         3d11      100%        5
 Lee's Rapid Deconstruct  Erth           0%         3d4*      100%        5
 Metabolic Englaciation   Hex/Ice        0%         N/A       100%        5
 Silence                  Hex/Air        0%         N/A       100%        5
 Summon Forest            Summ/Tloc      0%         N/A       100%        5
 Summon Mana Viper        Hex/Summ       0%         N/A       100%        5
 Bombard                  Conj/Erth      0%         9d1       100%        6
 Death Channel            Necr           0%         N/A       100%        6
 Dispersal                Tloc           0%         N/A       100%        6
 Eringya's Noxious Bog    Alch           0%         4d6       100%        6
 Gell's Gavotte           Tloc           0%         2d(11-16) 100%        6
 Sculpt Simulacrum        Ice/Alch       0%         N/A       100%        6
 Summon Cactus Giant      Summ           0%         N/A       100%        6
 Haunt                    Necr/Summ      0%         N/A       100%        7
 Manifold Assault         Tloc           0%         N/A       100%        7
 Monstrous Menagerie      Summ           0%         N/A       100%        7
 Summon Hydra             Summ           0%         N/A       100%        7
 Ignition                 Fire           0%         3d3       100%        8
 Infestation              Necr           0%         N/A       100%        8
 Lehudib's Crystal Spear  Conj/Erth      0%         10d2      100%        8
 Maxwell's Capacitive Co  Air            0%         ∞         100%        8
 Chain Lightning          Conj/Air       0%         N/A       100%        9
 Fire Storm               Conj/Fire      0%         5d1       100%        9
 Shatter                  Erth           0%         3d5*      100%        9


Dungeon Overview and Level Annotations

Branches:
Dungeon (15/15)            Temple (1/1) D:7            Lair (5/5) D:8
  Swamp (4/4) Lair:2        Snake (4/4) Lair:2        Slime (0/5) Lair:5
    Orc (2/2) D:12            Elf (3/3) Orc:2        Vaults (5/5) D:13
  Crypt (0/3) Vaults:2     Depths (4/4) D:15            Zot (5/5) Depths:4
  IceCv (visited)

Altars:
Ashenzari
Cheibriados
Dithmenos
Elyvilon
Fedhas
Gozag
Hepliaklqana
Kikubaaqudgha
Makhleb
Nemelex Xobeh
Okawaru
Qazlal
Ru
Sif Muna
Trog
Uskayaw
Vehumet
Wu Jian
Xom
Yredelemnul
Zin
The Shining One
Beogh
Jiyva

Shops:
D:3 [   D:8 :   Orc:1 *   Orc:2 [:(*   Elf:1 ?   Elf:2 [   Elf:3 :
Snake:1 ==:   Vaults:2 (*   Vaults:4 (   Vaults:5 *   Zot:1 *   Depths:1 =

Portals:
Hell: Depths:1 Depths:2 Depths:3 Depths:4
Abyss: Depths:1 Depths:3
Pandemonium: Depths:2 Depths:4
Ziggurat: Depths:1
Trove: Elf:3 (lose all piety)

Annotations:
D:9 2 runed translucent doors
Snake:2 2 transporters, Tovuclea's ghost, adept BaAr
Vaults:3 2 runed translucent doors, Deul's ghost, adept FeBe; Pawaof's ghost, veteran KoBe
Vaults:4 3 runed translucent doors, Innyits's ghost, adept DjAE; Oghesh's ghost, adept GrIE; Viwk's ghost, veteran AtGl
Depths:3 5 runed translucent doors, Sazoocig's ghost, veteran SpHu
Zot:1 3 runed translucent doors, Bisin's ghost, master TrFi
Zot:2 Boris
Zot:3 1 runed translucent door, Cuehoi Muffi's ghost, legendary TeBe
Zot:4 2 transporters


Innate Abilities, Weirdness & Mutations

Your spellcasting is much less encumbered by armour.
You can use scrolls of enchantment on lesser artefacts.
You are dopey. (Int -2)
Your system is resistant to poisons. (rPois)
You are vulnerable to heat. (rF-)


Message History

You slice the sun demon!! You block the sun demon's attack.
The orc is engulfed in freezing vapours.
You kill the orc!
Qazlal accepts your kill. You block the sun demon's attack.
You barely miss the sun demon.
The sun demon is almost dead.
You block the sun demon's attack.
You slice the sun demon like a ripe choko!!!
You kill the sun demon!
Qazlal accepts your kill.
You hear an angry hiss.
A reaper comes into view.
It is wielding a +0 scythe of protection.
You block the reaper's attack.
You hear an angry hiss.
You block the reaper's attack.
You slice the reaper like a ripe choko!!!
The reaper is severely wounded.
You block the reaper's attack.
You slice the reaper like a ripe choko!!!
You kill the reaper!
Qazlal accepts your kill.
You see here a +0 scythe of protection.
You hear an angry hiss.
There is a stone staircase leading up, spattered with blood here.
You fly upwards.
There is a stone staircase leading down, spattered with blood here.
Things that are here:
a +0 whip; a kobold skeleton
There is a stone staircase leading up here.
You fly upwards.
There is a stone staircase leading down here.
There is a stone staircase leading up here.
You fly upwards.
There is a stone staircase leading down here.
There is a stone staircase leading down here.
There is a staircase leading out of the dungeon here.
There is a staircase leading out of the dungeon here.
Unknown command.
You have escaped!

#.....# #..÷÷...÷÷..#........#
....#.#####..÷÷...÷÷..#........#
###.#....##.ß..ß.ß..ß.#........#
#.#....##...........#>.......##
#.#....##...........#..........
###.#.#####...........#..........
..#.#.# #...........#..........
.##.#.#####...○.°§....#..........
..#.#.##........@§...............
###.#.##.##....§.°....#..........
....#.##.##...°○......#.........)
#####.....#.....○.....#...####...
#######.#...........#...# #...
###.......#...........#...# ####
.##.#######.ß..ß.ß..ß.#.### .##.#
#..÷....÷÷..#.# .##.#
#..÷÷...÷...#.#


There were no monsters in sight!

Vanquished Creatures
  Frederick (Vaults:4)
  2 dread liches
  5 orbs of fire
  An ancient lich (Zot:5)
  Mara (Swamp:3)
  A juggernaut (Depths:3)
  Xtahua (Vaults:4)
  Boris (twice) (Vaults:4 Depths:3)
  Bai Suzhen (Vaults:4)
  Vashnia (Snake:3)
  2 Killer Klowns (Zot:5)
  4 curse toes
  6 caustic shrikes
  11 golden dragons
  4 electric golems
  The ghost of Reaq the Warrior, an adept DjHu of Ashenzari (Swamp:2)
  Zenata (Vaults:3)
  2 Brimstone Fiends
  2 liches
  21 tentacled monstrosities
  14 quicksilver dragons
  6 titans
  16 Orb Guardians
  3 deep elf blademasters
  2 deep elf master archers (Elf:3)
  9 sphinxes
  7 death cobs
  Aizul (Snake:3)
  5 tengu reavers
  18 storm dragons
  13 shadow dragons
  4 nagarajas (Snake:4)
  3 draconian monks
  2 protean progenitors
  3 draconian shifters
  9 draconian knights
  8 ghost moths
  7 frost giants
  5 deep elf sorcerers
  3 draconian scorchers
  2 iron dragons
  14 fire giants
  4 deep elf elementalists
  20 vault wardens
  2 balrugs
  3 orc warlords
  A reaper (D:4)
  5 draconian stormcallers
  15 stone giants
  15 ironbound preservers
  26 very ugly things
  2 quicksilver oozes (Zot:5)
  5 deep elf demonologists
  4 deep elf death magi (Elf:3)
  5 draconian annihilators
  Nessos (Orc:2)
  A vampire knight (Depths:3)
  4 deep elf annihilators
  12 green draconians
  14 black draconians
  3 eleionomae (Swamp:2)
  5 ironbound thunderhulks
  10 red draconians
  8 yellow draconians
  7 dire elephants
  10 purple draconians
  11 white draconians
  8 spark wasps (Depths:3)
  4 bunyips
  3 war gargoyles
  20 ettins
  8 yaktaur captains
  5 entropy weavers
  2 crystal guardians (Vaults:3)
  11 fire dragons
  4 ice dragons
  4 rakshasas
  17 hydras
  4 deep elf high priests
  5 great orbs of eyes
  2 peacekeepers
  5 spriggan air magi
  4 ogre magi
  7 boulder beetles
  36 vault guards
  4 alligators
  5 ghost crabs
  15 centaur warriors
  14 anacondas
  4 salamander tyrants (Snake:4)
  A merfolk avatar (Lair:5)
  7 two-headed ogres
  15 ironbound frosthearts
  A two-headed ogre (shapeshifter) (Vaults:1)
  A sphinx skeleton (Depths:2)
  22 dancing weapons
  5 deep troll earth magi
  10 tengu warriors
  A vampire mage (Depths:1)
  9 death yaks
  7 deep troll shamans
  An occultist (Elf:1)
  14 naga warriors
  3 hell hogs (Depths:3)
  7 spriggan berserkers
  19 naga sharpshooters
  17 deep elf knights
  2 orc high priests
  11 hell knights
  9 shock serpents
  5 sun demons
  3 skeletal warriors (D:14)
  A fire crab (D:8)
  6 goliath frogs
  4 iron trolls
  4 salamander mystics
  10 mana vipers
  2 skysharks
  A shadow demon (Depths:4)
  41 deep trolls
  10 naga ritualists
  2 sea snakes
  A deep troll (shapeshifter) (D:13)
  3 spriggan druids (Swamp:2)
  14 deep elf archers
  7 arcanists
  5 lindwurms
  2 flayed ghosts (Depths:3)
  11 swamp dragons
  4 glowing orange brains
  3 bog bodies
  20 ironbound convokers
  7 thermic dynamos
  A tengu zombie (Depths:2)
  26 deep elf pyromancers
  5 phantasmal warriors (Vaults:5)
  7 necromancers
  30 deep elf zephyrmancers
  10 orc knights
  19 harpies
  3 wolf spiders (Zot:1)
  A faun (shapeshifter) (Depths:3)
  A fire giant zombie (Depths:2)
  3 orc sorcerers
  A human zombie (Vaults:3)
  37 ugly things
  7 will-o-the-wisps
  7 cyclopes
  3 manticores
  13 vault sentinels
  17 salamanders
  45 black mambas
  4 kobold blastminers
  4 guardian serpents
  3 smoke demons
  23 moths of wrath
  14 elephants
  15 naga magi
  A torpor snail (shapeshifter) (Elf:2)
  A torpor snail (Lair:5)
  2 kobold demonologists (D:12)
  13 cane toads
  6 rime drakes
  2 tengu conjurers
  2 freezing wraiths
  9 komodo dragons
  23 yaktaurs
  An anaconda simulacrum (IceCv)
  7 trolls
  4 tyrant leeches
  5 polar bears
  A wolf spider simulacrum (D:15)
  2 trolls (shapeshifter)
  3 hellwings (Zot:2)
  Grinder (D:6)
  5 glass eyes
  A tarantella (Vaults:4)
  19 hornets
  17 blink frogs
  A snapping turtle (Lair:4)
  5 dream sheep (Lair:4)
  A jumping spider (shapeshifter) (D:13)
  A fire giant simulacrum (Depths:2)
  An air elemental (Elf:2)
  24 slime creatures
  13 spriggans
  2 vampires
  A shadow (D:11)
  A wraith (D:13)
  59 yaks
  2 water elementals (Elf:3)
  2 fire elementals
  4 steam dragons
  9 wyverns
  A redback (Vaults:4)
  5 basilisks
  3 wargs
  A glowing shapeshifter zombie (Vaults:3)
  33 nagas
  Menkaure (D:3)
  4 vampire mosquitoes (D:8)
  Edmund (D:4)
  An elf skeleton (Vaults:3)
  A death yak simulacrum (IceCv)
  18 swamp worms
  3 acid dragons
  17 water moccasins
  A black bear (shapeshifter) (D:13)
  28 orc warriors
  2 ice beasts
  9 swamp drakes (Swamp:4)
  2 boggarts
  2 laughing skulls
  A wolf (D:12)
  4 ogres
  4 centaurs
  A phantom (D:4)
  4 kobold brigands
  Blork the orc (D:4)
  7 bullfrogs
  5 scorpions
  A cane toad simulacrum (IceCv)
  3 earth elementals
  3 wights (D:6)
  10 killer bees
  6 electric eels (Snake:1)
  A howler monkey (D:14)
  2 lava snakes (Swamp:4)
  21 orc priests
  3 bombardier beetles
  A jelly (D:5)
  Crazy Yiuf (D:3)
  2 hounds
  2 sleepcaps
  Terence (D:3)
  4 iguanas
  A scorpion zombie (D:3)
  29 orc wizards
  6 hell rats (Lair:4)
  A wolf simulacrum (IceCv)
  A hound zombie (D:3)
  The ghost of Yulgok the Magician, a weakling DECj (D:3)
  Robin (D:3)
  10 adders
  A shadow imp (D:5)
  2 ufetubi (D:3)
  A ribbon worm (D:3)
  57 orcs
  3 endoplasms
  3 giant cockroaches
  13 goblins
  6 hobgoblins
  3 jackals (D:1)
  33 kobolds
  2 quokkas
  11 ball pythons
  2 frilled lizards (D:2)
  7 rats
  2 spectral weapons
1903 creatures vanquished.

Vanquished Creatures (others)
  A storm dragon (Zot:4)
  2 black draconians
  A green draconian (Zot:2)
  An anaconda (Snake:4)
  A naga ritualist (Snake:3)
  A thermic dynamo (Elf:3)
  A deep elf zephyrmancer (Elf:1)
  2 deep elf pyromancers
  3 bloated husks
  2 air elementals (Elf:3)
  A spriggan (Swamp:4)
  2 swamp drakes
  A killer bee (D:8)
  10 ball lightnings (Elf:3)
  24 foxfires
53 creatures vanquished.

Grand Total: 1956 creatures vanquished

Notes
Turn   | Place    | Note
-------+----------+-------------------------------------------
     0 | D:1      | uuddlrlrba the Mountain Dwarf Fighter began the quest for
                  | the Orb.
     0 | D:1      | Reached XP level 1. HP: 19/19 MP: 1/1
   115 | D:1      | Found a faded altar of an unknown god.
   336 | D:1      | Reached XP level 2. HP: 26/26 MP: 2/2
   956 | D:2      | Reached XP level 3. HP: 31/31 MP: 3/3
  1230 | D:3      | Reached skill level 5 in Axes
  1230 | D:3      | Reached XP level 4. HP: 23/38 MP: 4/4
  1506 | D:3      | Found Xeoryaq's Armour Shop.
  1513 | D:3      | Noticed Robin
  1518 | D:3      | Reached XP level 5. HP: 45/46 MP: 5/5
  1549 | D:3      | Killed Robin
  1709 | D:3      | Found a snail-covered altar of Cheibriados.
  1810 | D:3      | Found a runed translucent gate.
  1810 | D:3      | Found a runed translucent gate.
  1810 | D:3      | Found a runed translucent gate.
  1810 | D:3      | Noticed Yulgok's ghost (weakling DECj)
  1812 | D:3      | Found a basalt altar of Yredelemnul.
  1863 | D:3      | Noticed Terence
  1867 | D:3      | Killed Terence
  1868 | D:3      | Reached skill level 5 in Fighting
  1868 | D:3      | Reached skill level 5 in Armour
  1868 | D:3      | Reached XP level 6. HP: 53/56 MP: 6/6
  2037 | D:3      | Found a runed translucent door.
  2038 | D:3      | Noticed Crazy Yiuf
  2090 | D:3      | Killed Crazy Yiuf
  2263 | D:3      | Killed Yulgok's ghost
  2303 | D:4      | Noticed Blork the orc
  2305 | D:4      | Noticed Menkaure
  2498 | D:3      | Killed Menkaure
  2614 | D:4      | Killed Blork the orc
  2722 | D:4      | Reached XP level 7. HP: 60/61 MP: 7/7
  3016 | D:4      | Noticed Edmund
  3027 | D:4      | Killed Edmund
  3484 | D:4      | Reached XP level 8. HP: 67/68 MP: 8/8
  3534 | D:5      | Entered Level 5 of the Dungeon
  3534 | D:5      | Found a shadowy altar of Dithmenos.
  3541 | D:5      | Reached skill level 10 in Axes
  3957 | D:5      | Found a shimmering blue altar of Sif Muna.
  4517 | D:6      | Reached XP level 9. HP: 66/75 MP: 9/9
  4633 | D:6      | Noticed Grinder
  4650 | D:6      | Killed Grinder
  5032 | D:6      | Found a bloodstained altar of Trog.
  5220 | D:7      | Noticed a troll
  5231 | D:7      | Killed a troll
  5404 | D:7      | Found a staircase to the Ecumenical Temple.
  5413 | Temple   | Entered the Ecumenical Temple
  5421 | Temple   | Became a worshipper of Qazlal Stormbringer
  5624 | D:7      | Reached skill level 1 in Invocations
  6004 | D:8      | Noticed a fire crab
  6004 | D:8      | Found a staircase to the Lair.
  6017 | D:8      | HP: 3/79 [fire crab (11)]
  6026 | D:8      | Killed a fire crab
  6027 | D:8      | Reached XP level 10. HP: 15/88 MP: 10/12
  6569 | D:8      | Reached * piety under Qazlal
  6875 | D:8      | Reached skill level 15 in Axes
  6898 | D:8      | Identified the +1 leather armour of Fupyiget {rElec rC+
                  | Will+ Str+3}
  7130 | D:8      | Found Malerig's Book Shoppe.
  7388 | D:9      | Reached skill level 5 in Invocations
  7525 | D:9      | Found a runed translucent door.
  7527 | D:9      | Found a runed translucent door.
  8264 | D:9      | Reached ** piety under Qazlal
  8483 | D:10     | Entered Level 10 of the Dungeon
  8531 | D:10     | Reached XP level 11. HP: 62/97 MP: 15/15
  9021 | D:10     | Identified the +0 rapier of Tortfeasance {heavy, rC+}
  9616 | D:11     | Found a radiant altar of Vehumet.
 10404 | D:11     | Noticed a two-headed ogre
 10416 | D:11     | Killed a two-headed ogre
 10601 | D:12     | Noticed a soul eater
 10817 | D:12     | Noticed a deep elf pyromancer
 10835 | D:12     | Killed a deep elf pyromancer
 11021 | D:12     | Found a frozen archway.
 11043 | D:12     | Reached skill level 10 in Armour
 11060 | D:12     | Reached skill level 10 in Fighting
 11079 | IceCv    | Entered an ice cave
 11079 | IceCv    | Noticed a white ugly thing
 11100 | IceCv    | HP: 4/99 [white ugly thing (9)]
 11104 | IceCv    | Killed a white ugly thing
 11329 | IceCv    | Found a transporter.
 11333 | IceCv    | Noticed a white ugly thing
 11339 | IceCv    | Found a transporter.
 11403 | D:12     | Noticed a brown ugly thing
 11411 | D:12     | Killed a brown ugly thing
 11586 | D:12     | Noticed a deep elf pyromancer
 11609 | D:12     | Killed a deep elf pyromancer
 11761 | D:12     | Noticed a cyan ugly thing
 11777 | D:12     | Killed a cyan ugly thing
 11928 | D:12     | Found a staircase to the Orcish Mines.
 11993 | D:12     | Reached skill level 10 in Invocations
 11993 | D:12     | Reached XP level 12. HP: 96/106 MP: 19/19
 12264 | Lair:1   | Entered Level 1 of the Lair of Beasts
 13179 | Lair:1   | Found a glowing silver altar of Zin.
 13983 | Lair:2   | Noticed a four-headed hydra
 13996 | Lair:2   | Killed a one-headed hydra
 14028 | Lair:2   | Reached *** piety under Qazlal
 14197 | Lair:2   | Found a staircase to the Snake Pit.
 14404 | Lair:2   | Noticed a death yak
 14405 | Lair:2   | Noticed a death yak
 14440 | Lair:2   | Killed a death yak
 14445 | Lair:2   | Noticed a death yak
 14452 | Lair:2   | Killed a death yak
 14453 | Lair:2   | Noticed a death yak
 14458 | Lair:2   | Killed a death yak
 14465 | Lair:2   | Killed a death yak
 14721 | Lair:2   | HP: 5/110 [poisoned by a cane toad]
 14727 | Lair:2   | HP: 2/110 [poisoned by a cane toad]
 15002 | Lair:2   | Identified a scroll of acquirement
 15003 | Lair:2   | Acquired 911 gold pieces
 15192 | D:3      | Bought the +4 plate armour "Put-Me-On" {rC+ Int+5 Slay+3}
                  | for 881 gold pieces
 15538 | Lair:2   | Found a staircase to the Swamp.
 15669 | Lair:2   | Noticed a boulder beetle
 15669 | Lair:2   | Noticed a boulder beetle
 15725 | Lair:2   | Killed a boulder beetle
 15759 | Lair:2   | Killed a boulder beetle
 15994 | Lair:2   | Reached XP level 13. HP: 116/117 MP: 22/22
 17585 | Lair:4   | Identified the +0 falchion of the Sea {drain, rCorr Str+4
                  | Int+2}
 17856 | Lair:4   | Reached **** piety under Qazlal
 18542 | Lair:5   | Entered Level 5 of the Lair of Beasts
 18840 | Lair:4   | Reached skill level 15 in Invocations
 18942 | Lair:4   | Upgraded the game from 0.32-a0-864-gc35c0dd to
                  | 0.32-a0-867-g107c310
 19382 | Lair:5   | Reached XP level 14. HP: 122/133 MP: 25/25
 19642 | Lair:5   | Found a viscous altar of Jiyva.
 19642 | Lair:5   | Found a staircase to the Slime Pits.
 19768 | Lair:5   | Reached skill level 15 in Fighting
 20434 | Lair:5   | Identified the +1 trident "Korphud" {freeze, Str+6 Stlth+}
 20590 | Lair:5   | Found the ring of the Octopus King
 20658 | Lair:5   | Identified a ring of the Octopus King {Wiz HP+2 AC+2 EV+2
                  | SH+2}
 21059 | Orc:1    | Entered Level 1 of the Orcish Mines
 21128 | Orc:2    | Entered Level 2 of the Orcish Mines
 21401 | Orc:1    | Found a roughly hewn altar of Beogh.
 21402 | Orc:1    | Noticed an orc warlord
 21448 | Orc:1    | Found a transporter.
 21501 | Orc:1    | Found a transporter.
 21504 | Orc:1    | Found the +3 crown of Dyrovepreva {rElec Int+2 SInv}
 21513 | Orc:1    | Found Fefiffy's Gadget Gallery.
 21772 | Orc:2    | Found a roughly hewn altar of Beogh.
 21775 | Orc:2    | Found a staircase to the Elven Halls.
 21790 | Orc:2    | Noticed Nessos
 21814 | Orc:2    | Killed Nessos
 22124 | Orc:2    | Reached ***** piety under Qazlal
 22180 | Orc:2    | Noticed an orc warlord
 22193 | Orc:2    | Killed an orc warlord
 22215 | Orc:2    | Found a roughly hewn altar of Beogh.
 22215 | Orc:2    | Found Oseinuq's Antique Armour Shop.
 22805 | Orc:2    | Found Kikenk's General Store.
 22842 | Orc:2    | Found Nifru's Book Shop.
 22877 | Orc:2    | Found Mism's Antique Weapon Shop.
 22987 | Orc:2    | Bought a glowing buckler for 150 gold pieces
 23489 | D:13     | Found a gate to the Vaults.
 23592 | D:13     | Reached XP level 15. HP: 130/141 MP: 27/27
 24394 | D:14     | Reached skill level 5 in Shields
 25048 | D:15     | Entered Level 15 of the Dungeon
 26295 | D:15     | Found a staircase to the Depths.
 26473 | Elf:1    | Entered Level 1 of the Elven Halls
 26662 | Snake:1  | Entered Level 1 of the Snake Pit
 27594 | Snake:1  | Reached skill level 10 in Shields
 27840 | Snake:1  | Found Wabydoro's Jewellery Shoppe.
 27841 | Snake:1  | Found Duxtu's Book Shop.
 27842 | Snake:1  | Found Kudysod's Jewellery Shoppe.
 27847 | Snake:1  | Bought the ring of Viehaus {rElec Will+ Str+2} for 561 gold
                  | pieces
 27859 | Snake:1  | Bought a ring of poison resistance for 260 gold pieces
 29245 | Snake:1  | Bought a manual of Shields for 1200 gold pieces
 30159 | Snake:2  | Reached XP level 16. HP: 117/149 MP: 29/29
 30253 | Snake:2  | Found a transporter.
 30253 | Snake:2  | Found a transporter.
 30263 | Snake:2  | Noticed Tovuclea's ghost (adept BaAr)
 30395 | Snake:2  | Found a bloodstained altar of Trog.
 30838 | Snake:2  | Identified the -1 pair of boots of Aclytsuo {Str+2 Slay+5}
 32362 | Snake:3  | Noticed Vashnia
 32381 | Snake:3  | Killed Vashnia
 32382 | Snake:3  | Reached skill level 15 in Shields
 32841 | Snake:3  | Identified the serpent talisman of Apathy {rN+ Slay+5}
 32841 | Snake:3  | Noticed Aizul
 33375 | Snake:3  | Killed Aizul
 34154 | Snake:4  | Entered Level 4 of the Snake Pit
 34761 | Snake:3  | Upgraded the game from 0.32-a0-867-g107c310 to
                  | 0.32-a0-868-g153ae1a
 34791 | Snake:4  | Found a flickering gateway to a bazaar.
 34809 | Bazaar   | Entered a bazaar
 34809 | Bazaar   | Found Tamm's General Store.
 34816 | Bazaar   | Found Ozogrinke's Antique Weapon Shop.
 34826 | Bazaar   | Bought a glowing broad axe for 168 gold pieces
 34826 | Bazaar   | Found Efaitsei's Book Shop.
 34837 | Bazaar   | Found Teenaw's Antique Armour Emporium.
 34845 | Bazaar   | Bought a pair of brightly glowing gloves for 152 gold
                  | pieces
 34845 | Bazaar   | Identified the +0 pair of gloves of Context {rC+ Str+4}
                  | (You bought it in a shop in a bazaar)
 34856 | Bazaar   | Found Utri's Magic Scroll Boutique.
 34864 | Bazaar   | Bought a scroll of blinking for 90 gold pieces
 34887 | Bazaar   | Bought a potion of heal wounds for 65 gold pieces
 34887 | Bazaar   | Bought a potion of heal wounds for 65 gold pieces
 34887 | Bazaar   | Bought a scroll of immolation for 52 gold pieces
 35169 | Snake:4  | Reached XP level 17. HP: 61/156 MP: 26/31
 36175 | Snake:4  | Identified the +1 long sword of Cawyxugull {distort, Fly
                  | rElec rC+++ Int-5}
 36180 | Snake:4  | Found a basalt altar of Yredelemnul.
 37531 | Snake:4  | Got a serpentine rune of Zot
 37949 | Swamp:1  | Entered Level 1 of the Swamp
 38336 | Swamp:1  | Reached ****** piety under Qazlal
 38338 | Swamp:1  | Reached skill level 15 in Armour
 38966 | Swamp:2  | Identified the scarf of Leaves {+Inv, Harm +Blink rC++
                  | Slay-5}
 39088 | Swamp:2  | Found a runed translucent door.
 39089 | Swamp:2  | Identified the +2 trident of Locus Delicti {freeze, rCorr
                  | Str+3}
 39089 | Swamp:2  | Noticed Reaq's ghost (adept DjHu)
 40179 | Swamp:4  | Entered Level 4 of the Swamp
 40297 | Swamp:4  | Noticed Mara
 40306 | Swamp:4  | Noticed uuddlrlrba's illusion
 40411 | Swamp:4  | Noticed uuddlrlrba's illusion
 40466 | Swamp:3  | Noticed uuddlrlrba's illusion
 40879 | Swamp:3  | Noticed uuddlrlrba's illusion
 40896 | Swamp:3  | Killed Mara
 40897 | Swamp:3  | Reached XP level 18. HP: 110/163 MP: 21/33
 41535 | Swamp:4  | Got a decaying rune of Zot
 42002 | Swamp:2  | Killed Reaq's ghost
 42346 | Vaults:1 | Entered Level 1 of the Vaults
 42702 | Vaults:1 | Identified the +7 mace of Myosal {spect, *Corrode rN+ Str+5
                  | SInv}
 42702 | Vaults:1 | Identified the +1 robe of Pafimm {Int+3 Archmagi}
 42702 | Vaults:1 | Identified the amulet of Hiciniaz {*Slow rElec rN+ Regen+}
 43499 | Vaults:1 | Identified the staff of Compound Interest {rElec rPois
                  | Dex+3 Fire Alchemy}
 44302 | Vaults:2 | Found Togiel's General Store.
 44511 | Vaults:2 | Found a staircase to the Crypt.
 44519 | Vaults:2 | Found Xitt's Weapon Boutique.
 44856 | Vaults:2 | Identified the +8 orcbow of Dung {heavy, Dex+4}
 44892 | Vaults:2 | Upgraded the game from 0.32-a0-868-g153ae1a to
                  | 0.32-a0-870-g877066f
 45624 | Vaults:2 | Reached XP level 19. HP: 170/170 MP: 35/35
 46162 | Vaults:3 | Identified the +2 plate armour of the Gate {*Slow +Inv
                  | Dex+6}
 46394 | Vaults:3 | Identified the +3 scale mail "Qaddod" {Rampage Int+3}
 46524 | Vaults:3 | Found a large runed translucent door.
 46524 | Vaults:3 | Found a large runed translucent door.
 46524 | Vaults:3 | Noticed Pawaof's ghost (veteran KoBe)
 46524 | Vaults:3 | Noticed Deul's ghost (adept FeBe)
 47915 | Vaults:4 | Noticed Zenata
 48103 | Vaults:3 | Killed Zenata
 48403 | Vaults:4 | Reached skill level 27 in Invocations
 48989 | Vaults:4 | Reached XP level 20. HP: 149/180 MP: 37/37
 49207 | Vaults:4 | Found Ynnabb's Weapon Emporium.
 49214 | Vaults:4 | Bought the +4 broad axe of Demonkind {flame, ^Fragile rPois
                  | rC+} for 756 gold pieces
 49297 | Vaults:4 | Noticed Xtahua
 49316 | Vaults:4 | Killed Xtahua
 49709 | Vaults:4 | Identified the +2 robe of Feasting {^Contam Str+6 Archmagi}
 49709 | Vaults:4 | Noticed Boris
 49733 | Vaults:4 | Killed Boris
 49876 | Vaults:4 | Found a runed translucent gate.
 49880 | Vaults:4 | Found a runed translucent gate.
 49880 | Vaults:4 | Found a runed translucent gate.
 49882 | Vaults:4 | Noticed Viwk's ghost (veteran AtGl)
 49882 | Vaults:4 | Noticed Innyits's ghost (adept DjAE)
 49883 | Vaults:4 | Noticed Oghesh's ghost (adept GrIE)
 50432 | Depths:1 | Entered Level 1 of the Depths
 51298 | Depths:1 | Identified the +6 rapier of the Land of Plenty {protect,
                  | rPois Str+4 Int+2}
 51523 | Depths:1 | Found a one-way gate to the infinite horrors of the Abyss.
 51547 | Depths:1 | Found Zes Teuji's Jewellery Boutique.
 51593 | Depths:1 | Found a one-way gateway to a ziggurat.
 51806 | Depths:1 | Found an ornate altar of the Wu Jian Council.
 51947 | Depths:1 | Found a gateway to Hell.
 52364 | Depths:2 | You fall into a shaft and drop 1 floor!
 52557 | Depths:2 | Found a one-way gate leading to the halls of Pandemonium.
 53267 | Depths:3 | Found a runed translucent gate.
 53267 | Depths:3 | Found a runed translucent gate.
 53506 | Depths:3 | Reached XP level 21. HP: 151/193 MP: 38/38
 53621 | Depths:3 | Identified the +4 robe of Light {rElec}
 53621 | Depths:3 | Noticed Boris
 53638 | Depths:3 | Killed Boris
 53807 | Depths:3 | Found a runed translucent gate.
 53902 | Depths:3 | Identified the +0 spear "Beetle's Death Toll" {protect, rF-
                  | rC+ Str+6}
 54049 | Depths:3 | Identified the +6 orcbow of Zanwe {elec, rElec Str+4 Int+3
                  | Dex+3}
 54158 | Depths:3 | Found a blossoming altar of Fedhas.
 54169 | Depths:3 | Noticed a caustic shrike
 54191 | Depths:3 | Killed a caustic shrike
 54230 | Depths:3 | Found a runed translucent door.
 54269 | Depths:3 | Found a runed translucent door.
 54299 | Depths:3 | Found the +8 storm bow {elec, penet}
 54308 | Depths:3 | Identified the +0 kite shield "Couclo" {rElec SInv}
 54310 | Depths:3 | Identified the +1 leather armour of the Charming Gods {Harm
                  | +Inv rF+}
 54480 | Depths:3 | Noticed Sazoocig's ghost (veteran SpHu)
 54707 | Depths:4 | Entered Level 4 of the Depths
 54742 | Depths:4 | Noticed a juggernaut
 54896 | Depths:4 | Noticed a caustic shrike
 54896 | Depths:4 | Noticed a caustic shrike
 54896 | Depths:4 | Noticed a caustic shrike
 54896 | Depths:4 | Noticed a caustic shrike
 54961 | Depths:3 | Killed a juggernaut
 55257 | Depths:4 | Noticed a caustic shrike
 55260 | Depths:4 | Killed a caustic shrike
 55260 | Depths:4 | Killed a caustic shrike
 55262 | Depths:4 | Killed a caustic shrike
 55262 | Depths:4 | Killed a caustic shrike
 55263 | Depths:4 | Killed a caustic shrike
 55925 | Depths:4 | Found a gate to the Realm of Zot.
 56002 | Depths:4 | Got the Book of Clouds
 56525 | Elf:1    | Reached XP level 22. HP: 206/206 MP: 39/39
 57134 | Elf:1    | Found Fumiote's Magic Scroll Emporium.
 57137 | Elf:1    | Bought a scroll of silence for 123 gold pieces
 57137 | Elf:1    | Bought a scroll of enchant armour for 97 gold pieces
 57137 | Elf:1    | Bought a scroll of poison for 52 gold pieces
 57137 | Elf:1    | Bought a scroll of fog for 52 gold pieces
 57137 | Elf:1    | Bought a scroll of fog for 52 gold pieces
 57137 | Elf:1    | Bought a scroll of teleportation for 39 gold pieces
 57137 | Elf:1    | Bought a scroll of revelation for 97 gold pieces
 57724 | Elf:2    | Found a runed translucent gate.
 57730 | Elf:2    | Found a runed translucent gate.
 57731 | Elf:2    | Found a runed translucent gate.
 57741 | Elf:2    | Identified the +5 long sword "Izefredd" {protect, *Noise
                  | rPois Dex+3}
 57944 | Elf:2    | Found Baal's Dragon-Slaying Spoils.
 57951 | Elf:2    | Bought +0 gold dragon scales for 880 gold pieces
 58775 | Elf:3    | Entered Level 3 of the Elven Halls
 59404 | Elf:3    | Identified the ring "Nejur" {Ice rPois Dex+4}
 59408 | Elf:3    | Identified the +2 great mace of Causality {freeze, rPois
                  | rF- rC++ rN+}
 59413 | Elf:3    | Identified the staff of Elou {rPois Int+2 Stlth+ Alchemy}
 59485 | Elf:3    | Identified the ring "Kupexzum" {Fly rF++}
 59486 | Elf:3    | Identified the ring "Lopra" {rPois rC- Str+3 Dex+3 SInv}
 59506 | Elf:3    | Identified the +5 eveningstar of Dishonour {flame, rElec
                  | rF+ rN+++ MP+9}
 59519 | Elf:3    | Identified the ring "Fost" {rPois rC- Will++ Int+6}
 59604 | Elf:3    | Got the Codex of Electrocution and Distance
 59624 | Elf:3    | Identified the +9 rapier "Edghihet" {heavy, rF++}
 60050 | Elf:3    | Found Unefog's Book Shoppe.
 60140 | Elf:3    | Found a portal to a secret trove of treasure.
 60590 | Vaults:5 | Entered Level 5 of the Vaults
 60590 | Vaults:5 | Identified the orb of Generosity {light, rF+ Int+3 Dex+3
                  | Stlth+}
 60590 | Vaults:5 | Noticed Frederick
 60605 | Vaults:4 | Killed Frederick
 60736 | Vaults:4 | Reached XP level 23. HP: 131/217 MP: 32/40
 60840 | Vaults:5 | Noticed a dread lich
 60888 | Vaults:4 | Killed a dread lich
 61172 | Vaults:5 | Identified the +9 quarterstaff "Mufeuh" {heavy, Int+3}
 61447 | Vaults:5 | Noticed Bai Suzhen
 61500 | Vaults:4 | Killed Bai Suzhen
 61877 | Vaults:5 | Found the +9 scales of the Dragon King {rPois rF+ rC+
                  | Will+}
 61890 | Vaults:5 | Got a silver rune of Zot
 61950 | Vaults:5 | Identified the +2 helmet of Tartarus {rC+ rN+ Will+ rCorr}
 62194 | Vaults:5 | Got Vyeju's Handbook of Crystalline Essence
 62321 | Vaults:5 | Found Puricsun's General Store.
 62331 | Vaults:5 | Bought a potion of curing for 39 gold pieces
 62331 | Vaults:5 | Bought a scroll of revelation for 97 gold pieces
 62331 | Vaults:5 | Bought 2 scrolls of teleportation for 78 gold pieces
 62331 | Vaults:5 | Bought a scroll of blinking for 97 gold pieces
 62331 | Vaults:5 | Bought a potion of might for 52 gold pieces
 62331 | Vaults:5 | Bought a scroll of poison for 52 gold pieces
 62948 | Zot:1    | Entered Level 1 of the Realm of Zot
 62952 | Zot:1    | Noticed an orb of fire
 62955 | Zot:1    | Gained mutation: You have hidden genetic defects. [an orb
                  | of fire]
 62965 | Depths:4 | Gained mutation: Your magical capacity is low. (-10% MP)
                  | [an orb of fire]
 62972 | Depths:4 | Gained mutation: You are frail. (-10% HP) [an orb of fire]
 62977 | Depths:4 | Gained mutation: You are clumsy. (Dex -2) [an orb of fire]
 62984 | Depths:4 | Gained mutation: You have sharp fingernails. [an orb of
                  | fire]
 62985 | Depths:4 | Killed an orb of fire
 63431 | Zot:1    | Noticed a curse toe
 63439 | Zot:1    | Killed a curse toe
 63681 | Zot:1    | Reached XP level 24. HP: 208/209 MP: 36/36
 63700 | Zot:1    | Gained mutation: Your health recovers twice as slowly from
                  | being drained. [hidden defects]
 63814 | Zot:1    | Found a runed translucent gate.
 63814 | Zot:1    | Found a runed translucent gate.
 63814 | Zot:1    | Found a runed translucent gate.
 63816 | Zot:1    | Noticed Bisin's ghost (master TrFi)
 63839 | Zot:1    | Found Cujuill's CLEARANCE SALE!.
 64165 | Zot:1    | Found a viscous altar of Jiyva.
 64691 | Zot:2    | Gained mutation: Your magical capacity is very low. (-20%
                  | MP) [hidden defects]
 64691 | Zot:2    | Lost mutation: You have hidden genetic defects. [hidden
                  | defects expressed]
 65725 | Zot:3    | Noticed Cuehoi Muffi's ghost (legendary TeBe)
 65887 | Zot:3    | Noticed an orb of fire
 65899 | Zot:2    | Gained mutation: You sometimes lose your temper in combat.
                  | [an orb of fire]
 65905 | Zot:2    | Killed an orb of fire
 66045 | Zot:3    | Identified the +1 shortbow "Qorphudas" {drain, ^Fragile
                  | rElec rN+}
 66333 | Zot:3    | Found a runed translucent door.
 66841 | Zot:4    | Found a transporter.
 67437 | Zot:4    | Reached XP level 25. HP: 218/218 MP: 32/32
 67499 | Zot:4    | Found a transporter.
 67562 | Zot:4    | Reached XP level 26. HP: 216/225 MP: 32/32
 67584 | Zot:4    | Reached skill level 27 in Shields
 68200 | Zot:5    | Entered Level 5 of the Realm of Zot
 68376 | Zot:5    | Reached skill level 27 in Armour
 69015 | Zot:5    | Noticed an orb of fire
 69027 | Zot:5    | Killed an orb of fire
 69222 | Zot:5    | Noticed an ancient lich
 69224 | Zot:5    | Noticed a dread lich
 69229 | Zot:5    | Killed an ancient lich
 69234 | Zot:5    | Killed a dread lich
 69285 | Zot:5    | Noticed an orb of fire
 69294 | Zot:5    | Gained mutation: You are weak. (Str -2) [an orb of fire]
 69297 | Zot:5    | Noticed an orb of fire
 69303 | Zot:5    | Killed an orb of fire
 69310 | Zot:5    | Gained mutation: You are very clumsy. (Dex -4) [an orb of
                  | fire]
 69312 | Zot:5    | Gained mutation: You have an uncontrollable temper. [an orb
                  | of fire]
 69314 | Zot:5    | Gained mutation: Armour fits poorly on your strangely
                  | shaped body. [an orb of fire]
 69315 | Zot:5    | Killed an orb of fire
 69317 | Zot:5    | Noticed an orb of fire
 69319 | Zot:5    | Noticed an orb of fire
 69319 | Zot:5    | Noticed an orb of fire
 69319 | Zot:5    | Noticed an orb of fire
 69320 | Zot:5    | Noticed an orb of fire
 69339 | Zot:5    | Got the Orb of Zot
 69428 | Zot:2    | Lost mutation: You have an uncontrollable temper. [potion
                  | of mutation]
 69428 | Zot:2    | Lost mutation: You sometimes lose your temper in combat.
                  | [potion of mutation]
 69428 | Zot:2    | Lost mutation: Your magical capacity is very low. (-20% MP)
                  | [potion of mutation]
 69428 | Zot:2    | Gained mutation: Your spells are a little harder to cast,
                  | but a little more powerful. [potion of mutation]
 69429 | Zot:2    | Lost mutation: You are very clumsy. (Dex -4) [potion of
                  | mutation]
 69429 | Zot:2    | Lost mutation: Your spells are a little harder to cast, but
                  | a little more powerful. [potion of mutation]
 69429 | Zot:2    | Lost mutation: You have sharp fingernails. [potion of
                  | mutation]
 69430 | Zot:2    | Lost mutation: You are clumsy. (Dex -2) [potion of
                  | mutation]
 69430 | Zot:2    | Lost mutation: Your health recovers twice as slowly from
                  | being drained. [potion of mutation]
 69430 | Zot:2    | Lost mutation: Armour fits poorly on your strangely shaped
                  | body. [potion of mutation]
 69430 | Zot:2    | Gained mutation: You occasionally lose the ability to read
                  | scrolls when taking damage. [potion of mutation]
 69430 | Zot:2    | Gained mutation: Your mind is acute. (Int +4, Str/Dex -1)
                  | [potion of mutation]
 69431 | Zot:2    | Lost mutation: Your mind is acute. (Int +4, Str/Dex -1)
                  | [potion of mutation]
 69431 | Zot:2    | Lost mutation: Your magical capacity is low. (-10% MP)
                  | [potion of mutation]
 69431 | Zot:2    | Lost mutation: You are weak. (Str -2) [potion of mutation]
 69431 | Zot:2    | Gained mutation: You are dopey. (Int -2) [potion of
                  | mutation]
 69431 | Zot:2    | Gained mutation: You are agile. (Dex +4, Str/Int -1)
                  | [potion of mutation]
 69435 | Zot:2    | Identified the +3 robe of Qaov {rCorr Str-3 SInv Stlth+}
 69435 | Zot:2    | Noticed Boris
 69459 | Zot:1    | Lost mutation: You are dopey. (Int -2) [potion of mutation]
 69459 | Zot:1    | Lost mutation: You are agile. (Dex +4, Str/Int -1) [potion
                  | of mutation]
 69459 | Zot:1    | Gained mutation: You are vulnerable to heat. (rF-) [potion
                  | of mutation]
 69460 | Zot:1    | Lost mutation: You occasionally lose the ability to read
                  | scrolls when taking damage. [potion of mutation]
 69460 | Zot:1    | Lost mutation: You are frail. (-10% HP) [potion of
                  | mutation]
 69460 | Zot:1    | Gained mutation: You are dopey. (Int -2) [potion of
                  | mutation]
 69460 | Zot:1    | Gained mutation: Your system is resistant to poisons.
                  | (rPois) [potion of mutation]
 69955 | D:$      | Escaped with the Orb!

Illustrated notes

Levels and vault maps discovered:
D:1:      giann_forest_graveyard, layout_basic,
          hellmonk_ecumenical_altar_pennies_from_heaven, fountainhead
D:2:      layout_rooms
D:3:      layout_rooms, nicolae_yredelemnul_ghost_church, lemuel_tele_altar,
          serial_shops, shop, serial_bayou_lake_a, uniq_terence,
          uniq_crazy_yiuf_cottage, uniq_robin
D:4:      layout_loops_ring, grunt_tough_drop, uniq_blork_the_orc,
          uniq_menkaure, uniq_edmund
D:5:      layout_rooms, grunt_dithmenos_smoke_and_mirrors,
          overflow_temple_1_default, guppyfry_early_orc_mine
D:6:      layout_cave_pools, trog_butcher_becter, uniq_grinder
D:7:      layout_gridville, minmay_temple_entry_statues_pillars,
          minmay_manual_mail
D:8:      layout_basic, minmay_lair_entry_lava, serial_shops,
          nicolae_take_the_stairs, serial_rivers,
          chequers_serial_rivers_micro_d, chequers_serial_rivers_micro_e,
          chequers_serial_rivers_small_b, chequers_serial_rivers_micro_b,
          chequers_serial_rivers_small_3, chequers_serial_rivers_micro_e
D:9:      lemuel_insect_pit, layout_long_grid
D:10:     layout_long_grid, solitary_fountain
D:11:     layout_layer_cave, vehumet_crystals
D:12:     layout_grid_maze, orc_0_dummy,
          portal_ice_cave_entry_animals_and_master
D:13:     layout_long_grid, david_vaults_2
D:14:     layout_irregular_city
D:15:     grunt_enter_depths_snipers, layout_long_grid
Temple:   nicolae_temple_bog_church
Lair:1:   layout_cave_shapes, basic_altar, serial_bayou_shore_b,
          serial_bayou_shore_a, infiniplex_staircase_pool
Lair:2:   layout_gridlike, mainiacjoe_swamp_entry_lozenge_pond,
          nicolae_snake_entry_squirm, hellmonk_talismancer
Lair:3:   layout_regular_city, minmay_holes
Lair:4:   layout_cave_pods, infiniplex_staircase_pool_2
Lair:5:   gammafunk_lair_ancient_temple, layout_loops_ring,
          dpeg_slime_entry_enclosed, grunt_forest_large_clearings
Swamp:1:  layout_basic_swamp, nicolae_swamp_big_swirl
Swamp:2:  layout_falls_marsh, ebering_ghost_funeral_grove,
          evilmike_swamp_ruin_rubble_1
Swamp:3:  layout_basic_swamp, serial_swamp_ruin, evilmike_swamp_ruin_house_2,
          evilmike_swamp_ruin_house_6, evilmike_swamp_ruin_house_4
Swamp:4:  swamp_fiery, layout_basic_swamp, uniq_mara
Snake:1:  layout_layer_cave, serial_bayou_lagoon_b, minmay_shop_grove
Snake:2:  layout_grid_maze, gammafunk_ghost_wrathful_warriors
Snake:3:  layout_onion, regret_index_snakedec_diamondback,
          nicolae_snake_gridmaze_swirls, chequers_hall_statues_y, uniq_vashnia,
          uniq_aizul
Snake:4:  grunt_snake_rune_pools, layout_cave_town, serial_shops,
          bzr_entry_gold, basic_altar, nicolae_snake_shapes, grunt_megastairs_5,
          lemuel_fruit_tree
Orc:1:    gammafunk_beogh_shrine, layout_caves, nicolae_shop_gadgets
Orc:2:    grunt_orc_cross, layout_diamond_mine, mines1_david, uniq_nessos
Elf:1:    minmay_elf_arrival_circle, layout_geoelf_grid, serial_shops,
          nicolae_shop_rolled_up, hangedman_elf_disciples, grunt_megastairs_2
Elf:2:    elven_hall_of_blades_hangedman_original [mumra_blade_entry_bloodbath],
          layout_gridlike, nicolae_shop_dragon_depot
Elf:3:    elf_hall_gauntlet_narrow, layout_loops_corners,
          nicolae_trove_entry_columns, serial_aquarium,
          aquarium_bridge_island_small [aquarium_subvault_small_water,
          aquarium_subvault_wall, aquarium_subvault_bridge,
          aquarium_subvault_wall, aquarium_subvault_bridge],
          aquarium_window_fake, aquarium_window_3, aquarium_view_2d,
          aquarium_view_2d, aquarium_balcony_3b, serial_shops, shop_statue,
          st_stairs_5, hangedman_elf_targeted_burst, grunt_ministairs_3
Vaults:1: v_misc_9, ontoclasm_vaults_idyll, vaults_mumra_chevron,
          nicolae_vaults_storing_the_good_stuff, vaults_room_corners,
          nicolae_vaults_diagonal_hallway_6, vaults_room_semicircle,
          layout_vaults_omnigrid
Vaults:2: nicolae_vaults_shelves_hall, vaults_room_pools,
          nicolae_vaults_more_shelving_1, v_misc_3, ontoclasm_vaults_ring_small,
          nicolae_vaults_ninety_degrees, nicolae_vaults_trapezoid_lopsided_4,
          nicolae_vaults_surprise_closet_hard, vaults_room_door_hall,
          layout_vaults_chaotic_city, serial_shops, shop, shop
Vaults:3: advil_vaults_ghost_guards, nicolae_vaults_know_your_exits,
          nicolae_vaults_trapezoid_layered, nicolae_vaults_hexular_roomagon,
          nicolae_vaults_gold_heap, nicolae_vaults_house_2,
          nicolae_vaults_more_shelving_2, v_alt_pattern_5, vaults_mumra_hex,
          nicolae_vaults_stepped_doors, v_misc_18, nicolae_vaults_tetromino_Z_1,
          grunt_vaults_trifunnel, nicolae_vaults_house_1,
          nicolae_vaults_tetromino_L_2, layout_vaults_omnibox
Vaults:4: gammafunk_ghost_cemetery, v_misc_9, nicolae_vaults_prndl,
          nicolae_vaults_heart-shaped_vault, nicolae_vaults_frosty_reception,
          nicolae_vaults_closet_pinwheel_3,
          nicolae_vaults_offset_grid_hallway_2,
          nicolae_vaults_closet_pinwheel_3, v_rooms_4, layout_vaults_maze_bifur,
          serial_shops, shop, uniq_boris, uniq_zenata, uniq_xtahua
Vaults:5: uniq_frederick, uniq_bai_suzhen
Depths:1: layout_cave_pools, enter_ziggurat_d, serial_shops, shop,
          chequers_serial_rivers_micro_a, abyss_entry, lightli_too_deep,
          nzn_wu_jian_council_hall, firewood_loft
Depths:2: minmay_curly_fans, layout_gridville, minmay_misc_feat_tower,
          pan_entry, pf_hell_entry_tar_spiral
Depths:3: minmay_the_grid_triangle_9x9_line_8_mashed
          [minmay_the_grid_triangle_9x9_limited_checkers,
          minmay_the_grid_triangle_9x9_shrine,
          minmay_the_grid_triangle_9x9_zippers_horizontal,
          minmay_the_grid_triangle_9x9_pentomino_pain,
          minmay_the_grid_triangle_9x9_tough_junction,
          minmay_the_grid_triangle_9x9_impossible_snake,
          minmay_the_grid_triangle_9x9_steps,
          minmay_the_grid_triangle_9x9_prize_schism], layout_cave_shapes,
          hell_entry, abyss_entry_crystal, ebering_ghost_rock_garden,
          roderic_lattice_a, minmay_gold_behind_fungi
Depths:4: grunt_bruiser_brothers, layout_cave_shapes, hangedman_geh_valley,
          grunt_pan_entry_sceptre, chequers_serial_rivers_micro_e
Zot:1:    layout_gridville, gammafunk_ghost_ooze, regret_index_zotdec_magical_s,
          nicolae_shop_clearance
Zot:2:    layout_basic, regret_index_zotdec_zees, regret_index_zotdec_bone_old
Zot:3:    layout_basic, hellmonk_ghost_big_iron, st_stairs_6,
          grunt_ministairs_2, regret_index_zotdec_banners
Zot:4:    gammafunk_dig_for_victory, layout_misc_corridors,
          hangedman_snake_sidewinding
Zot:5:    layout_twisted_circle, st_stairs_11, skrybe_zot_glass_3

Skill      XL: |  1  2  3  4  5  6  7  8  9 10 11 12 13 14 15 16 17 18 19 20 21 22 23 24 25 26 |
---------------+-------------------------------------------------------------------------------+-----
Axes           | 3 4 5 7 9 11 13 15 18 20 | 20.4
Armour         | 4 5 6 7 9 10 13 16 20 22 24 26 27 | 27.0
Fighting       | 4 5 6 7 9 10 11 14 15 17 19 20 22 23 25 | 25.6
Shields        | 4 11 17 20 23 25 26 27 | 27.0
Invocations    | 3 6 10 12 15 17 19 21 23 25 27 | 27.0

Action                     |  1- 3 |  4- 6 |  7- 9 | 10-12 | 13-15 | 16-18 | 19-21 | 22-24 | 25-27 || total
---------------------------+-------+-------+-------+-------+-------+-------+-------+-------+-------++-------
  Melee: War axe           |    72 |   120 |   283 |   771 |  1279 |   616 |       |       |       ||  3141
         Hand axe          |       |       |       |     5 |    38 |       |       |       |       ||    43
         Broad axe         |       |       |       |       |       |   625 |  1375 |  1223 |   341 ||  3564
  Throw: Dart              |       |     8 |    29 |    76 |    40 |     8 |     3 |       |       ||   164
 Invoke: Upheaval          |       |       |       |     6 |    11 |    14 |     7 |     5 |       ||    43
         Disaster Area     |       |       |       |       |     1 |     1 |     1 |     7 |     1 ||    11
         Elemental Force   |       |       |       |       |       |       |     1 |       |       ||     1
  Evoke: Wand              |       |       |     9 |     6 |    14 |     1 |     1 |       |     4 ||    35
    Use: Scroll            |     4 |     1 |     1 |     9 |     9 |     6 |     4 |    23 |     5 ||    62
         Potion            |     1 |     1 |     8 |     9 |     1 |     2 |     1 |     3 |    14 ||    40
   Stab: Invisible         |       |       |     2 |     3 |     6 |     1 |       |       |     1 ||    13
         Distracted        |       |       |       |       |       |       |     1 |       |       ||     1
         Confused          |       |       |       |       |       |       |       |     1 |       ||     1
 Armour: Scale mail        |    47 |       |       |       |       |       |       |       |       ||    47
         Chain mail        |     4 |   115 |   211 |   172 |       |       |       |       |       ||   502
         Skin              |       |       |       |    35 |       |       |       |       |       ||    35
         Plate armour      |       |       |       |   298 |   843 |   860 |   215 |       |       ||  2216
         Fire dragon scale |       |       |       |       |       |       |   410 |    36 |       ||   446
         Gold dragon scale |       |       |       |       |       |       |       |   793 |   208 ||  1001
  Dodge: Dodged            |    21 |    41 |   104 |   225 |   421 |   294 |   189 |   134 |    37 ||  1466
         Repelled          |       |       |       |       |    31 |    87 |    60 |   127 |    27 ||   332
  Block: Buckler           |    14 |    29 |    41 |   202 |   703 |    92 |       |       |       ||  1081
         Reflection        |       |       |       |       |    23 |    10 |       |       |       ||    33
         Kite shield       |       |       |       |       |       |  1233 |   363 |       |       ||  1596
         Tower shield      |       |       |       |       |       |       |  1135 |  1674 |   510 ||  3319

Table legend: (Time is in decaauts)
 A = Elapsed time spent in this place.
 B = Non-inter-level travel time spent in this place.
 C = Inter-level travel time spent in this place.
 D = Time resting spent in this place.
 E = Time spent auto-exploring this place.
 F = Levels seen in this place.
 G = Mean time per level.
                   A        B        C        D        E       F      G
               +--------+--------+--------+--------+--------+-----+--------+
         Total |  69258 |  63384 |   5874 |  17729 |  32445 |  50 | 1385.2 |
       Dungeon |  17084 |  15160 |   1924 |   3186 |   9086 |  15 | 1138.9 |
        Temple |    120 |    113 |      7 |    101 |      0 |   1 |  120.0 |
          Lair |   8697 |   8157 |    540 |   2991 |   3747 |   5 | 1739.4 |
         Swamp |   4401 |   4138 |    263 |    976 |   2260 |   4 | 1100.2 |
     Snake Pit |  10789 |  10325 |    464 |   5066 |   3648 |   4 | 2697.2 |
  Orcish Mines |   2401 |   2034 |    367 |    433 |   1186 |   2 | 1200.5 |
   Elven Halls |   3820 |   3512 |    308 |    200 |   2417 |   3 | 1273.3 |
        Vaults |   9806 |   8960 |    846 |   2217 |   4689 |   5 | 1961.2 |
        Depths |   5578 |   4807 |    771 |    947 |   2584 |   4 | 1394.5 |
           Zot |   6186 |   5807 |    379 |   1396 |   2825 |   5 | 1237.2 |
        Bazaar |     95 |     95 |      0 |      0 |      0 |   1 |   95.0 |
      Ice Cave |    275 |    275 |      0 |    212 |      1 |   1 |  275.0 |
               +--------+--------+--------+--------+--------+-----+--------+

Top non-repeatable levels by time:
 Snake:3: 4366 daAuts
 Snake:1: 2924 daAuts
  Lair:2: 2913 daAuts
Vaults:3: 2578 daAuts
Vaults:4: 2537 daAuts
Depths:3: 2200 daAuts
Vaults:2: 1915 daAuts
  Lair:5: 1882 daAuts
    D:15: 1880 daAuts
 Snake:4: 1750 daAuts
 Snake:2: 1748 daAuts
Vaults:1: 1611 daAuts
 Swamp:3: 1609 daAuts
    D:13: 1507 daAuts
     D:3: 1501 daAuts
